Map: Kairos Junction LE

Players

Samwise - Winner!

  • Race: Protoss Protoss
  • League: Platinum
  • Spawn Location: 5:00

A.I. 1 (Elite)

  • Race: Zerg Zerg
  • Spawn Location: 11:00

VOD

Have the link to the VOD?

Description

Time

  • Played on: Sept. 2, 2019, 9:29 a.m.
  • Length: 5:42
Show
View Real Time Build Order
Export as new Build Order

Samwise Protoss - Winner!

Build Orders:  

Get SALT Encoding   

  12  0:01  Probe  
  13  0:13  Probe  
  14  0:18  Pylon  
  14  0:25  Probe  
  15  0:32  Pylon  
  15  0:33  Probe  
  15  0:42  Probe  
  16  0:43  Assimilator  
  17  1:00  Gateway  
  17  1:03  Probe  
  18  1:12  Gateway  
  18  1:16  Probe  
  19  1:28  Probe  
  20  1:48  Cybernetics Core  
  20  1:50  Zealot x2  
  22  1:55  Probe, Assimilator  
  25  2:07  Probe  
  26  2:16  Zealot  
  26  2:17  Zealot  
  30  2:25  Pylon  
  30  2:26  Pylon  
  30  2:43  Stalker  
  32  2:44  Stalker  
  32  2:49  Shield Battery  
  34  2:51  Shield Battery  
  34  3:01  Robotics Facility  
  34  3:16  Stalker x2  
  38  3:39  Immortal  
  38  3:52  Pylon  
  42  4:05  Warp Prism  
  44  4:32  Stalker x2  
  44  4:34  Immortal  
  48  4:41  Shield Battery  
Show
View Real Time Build Order
Export as new Build Order

A.I. 1 (Elite) Zerg 

Build Orders: Pool First 

Get SALT Encoding   

  12  0:00  Drone  
  13  0:12  Overlord  
  13  0:16  Drone  
  14  0:30  Drone x2  
  16  0:42  Spawning Pool  
  15  0:45  Drone  
  16  0:50  Drone  
  17  1:14  Drone, Hatchery  
  17  1:16  Extractor  
  16  1:19  Drone  
  16  1:24  Drone  
  18  1:27  Drone  
  19  1:38  Overlord  
  19  1:47  Queen  
  19  1:51  Zergling x2  
  22  1:59  Drone  
  23  2:11  Drone  
  24  2:21  Drone  
  25  2:23  Queen  
  25  2:27  Roach Warren  
  26  2:32  Zergling x2  
  26  2:38  Drone  
  8  3:19  Drone  
  5  3:50  Drone  
  5  4:20  Drone  
  6  4:39  Drone  
  7  4:50  Drone  
  6  5:01  Drone  
  6  5:15  Drone  
Tags
 
Add a new tag
Caveats
  • Supply blocks, unpowered buildings, or Contaminate may cause inaccurate times.
  • Supply counts are checked every 10 seconds.